Cogmind - Beta 14 @@@ ROGUE MODE // 2024.10.30 @ 20:56:27 Player: Syanka Result: Destroyed by as-86893 with Assembled Blade Performance ------------- Evolutions (0) 0 Regions Visited (4) 800 Robots Destroyed (41) 205 Value Destroyed (589) 589 Prototype IDs (35) 700 Alien Tech Used (0) 0 Bonus (147) 147 TOTAL SCORE: 2441 Bonus ------- Aligned with FarCom 300 Friendly Fire -153 Cogmind --------- Core Integrity 0/250 Matter 294/300 Energy 137/160 System Corruption 2% Temperature Cool (13) Movement Treading (240) Ox1 Location -9/Mines Parts ------- > --- POWER (1) -------- Light Nuclear Core > --- PROPULSION (2) --- Light Treads Light Treads (fused) > --- UTILITY (2) ------ High-capacity Storage Unit > --- WEAPON (2) ------- Heavy Assault Rifle > --- INVENTORY (20) --- Ion Engine High-capacity Battery (250) High-capacity Matter Pod (200) Salvage Targeting Computer Medium Armor Plating Heavy Armor Plating Hardened Medium Armor Plating Hacking Suite Hacking Suite Tractor Beam Army-in-a-Box (30/30) Particle Gun Beamcaster Heavy Assault Rifle Peak State ------------ > --- POWER ------------ Light Nuclear Core > --- PROPULSION ------- Light Treads Light Treads > --- UTILITY ---------- High-capacity Storage Unit Shield Generator > --- WEAPON ----------- Particle Gun Heavy Assault Rifle > --- INVENTORY -------- Ion Engine High-capacity Battery High-capacity Matter Pod Seismic Detector Salvage Targeting Computer Heavy Armor Plating Hardened Medium Armor Plating Hacking Suite Hacking Suite Tractor Beam Army-in-a-Box Beamcaster Heavy Assault Rifle Mining Laser [Rating: 20] Favorites ----------- Power Light Nuclear Core Engine Light Ion Engine Power Core Light Nuclear Core Propulsion Light Treads Treads Light Treads Wheel Wheel Utility High-capacity Storage Unit Device Seismic Detector Storage High-capacity Storage Unit Weapon Heavy Assault Rifle Energy Gun Particle Gun Ballistic Gun Heavy Assault Rifle Special Weapon Mining Laser Special Melee Weapon Datajack Build | -11 -10 -10 -10 -9 ------- Run | Yrd Mat Min Exi Min Slots Evolved . | . . . . . Power . | . . . . . Propulsion . | . . . . . Utility . | . . . . . Weapon . | . . . . . Parts Attached 47 | 10 29 3 3 2 Power 3 | 1 2 . . . Engine 2 | 1 1 . . . Core 1 | . 1 . . . Reactor . | . . . . . Propulsion 7 | 4 2 1 . . Treads 5 | 2 2 1 . . Leg . | . . . . . Wheel 2 | 2 . . . . Hover . | . . . . . Flight . | . . . . . Utility 11 | 2 6 2 . 1 Device 8 | 1 4 2 . 1 Storage 3 | 1 2 . . . Processor . | . . . . . Hackware . | . . . . . Protection . | . . . . . Artifact . | . . . . . Weapon 26 | 3 19 . 3 1 Energy Gun 3 | 2 . . 1 . Energy Cannon . | . . . . . Ballistic Gun 13 | 1 11 . 1 . Ballistic Cannon . | . . . . . Launcher . | . . . . . Special Weapon 9 | . 8 . . 1 Impact Weapon . | . . . . . Slashing Weapon . | . . . . . Piercing Weapon . | . . . . . Special Melee Weapon 1 | . . . 1 . Unidentified Prototypes . | . . . . . Parts Lost 3 | . 2 . . 1 Power 1 | . 1 . . . Propulsion . | . . . . . Utility 2 | . 1 . . 1 Weapon . | . . . . . Highest Loss Streak 2 | . 2 . . 1 To Critical Strikes . | . . . . . Average Slot Usage (%) 91 | . 99 100 75 99 Core 13 | . 12 14 14 14 Treads 28 | . 28 28 28 28 Device 13 | . 13 14 14 13 Storage 14 | . 14 14 14 14 Energy Gun 1 | . . . . 13 Ballistic Gun 16 | . 25 28 . 14 Special Melee Weapon 1 | . . . 3 . Peak Build Rating 20 | 7 13 15 19 20 Average Rating 13 | 6 11 14 13 19 On Entrance 10 | . 7 13 15 19 Naked Turns . | . . . . . Heaviest Build 53 | 12 52 52 52 53 Greatest Support 40 | 40 40 40 40 40 Greatest Overweight (x) 1 | 1 1 1 1 1 Average Overweight (x) . | . . 1 1 1 Largest Inventory Capacity 20 | 8 20 20 20 20 Average Capacity 18 | 7 17 20 20 20 Most Carried 20 | 8 20 20 20 20 Average Carried 16 | 5 14 19 19 19 Final Capacity 20 | 8 20 20 20 20 Final Carried 20 | 8 20 20 20 20 Class Distribution -------------------- 97% | Mutant Dominant Class ---------------- Mutant | -10/Materials Mutant | -10/Mines Mutant | -10/Exiles Mutant | -9/Mines Resources | -11 -10 -10 -10 -9 ----------- Run | Yrd Mat Min Exi Min Matter Collected 1471 | 466 693 162 98 52 Remotely . | . . . . . Salvage Created 1137 | 306 737 94 . . Parts 79 | 25 51 3 . . Haulers Intercepted 2 | . 2 . . . Recyclers Shooed . | . . . . . Parts Field Recycled . | . . . . . Retrieved Matter . | . . . . . Parts Self-Destructed . | . . . . . Prevented . | . . . . . Kills | -11 -10 -10 -10 -9 ------- Run | Yrd Mat Min Exi Min Combat Hostiles Destroyed 18 | . 16 2 . . Guns 18 | . 16 2 . . Classes Destroyed 10 | 3 7 . . . Worker 2 | 2 . . . . Builder 1 | . 1 . . . Tunneler 10 | 9 1 . . . Hauler 2 | . 2 . . . Recycler 2 | 1 1 . . . Mechanic 1 | . 1 . . . Operator 2 | . 2 . . . Watcher 3 | . 3 . . . Swarmer 9 | . 9 . . . Grunt 9 | . 7 2 . . Best Kill Streak 4 | 4 4 2 . . Combat Bots Only 3 | . 3 2 . . Max Kills in Single Turn 2 | 1 2 2 . . Gunslinging 1 | . . 1 . . Exploded . | . . . . . Melee . | . . . . . Uniques/NPCs Destroyed . | . . . . . Combat | -11 -10 -10 -10 -9 -------- Run | Yrd Mat Min Exi Min Hostile Shots Fired 95 | . 63 8 . 24 Missed 17 | . 11 1 . 5 Damage Taken 1142 | . 592 134 . 416 Core 261 | . 120 22 . 119 Absorbed by Shields 50 | . . . . 50 Regen/Repaired (Parts) 45 | . 45 . . . Core Remaining (%) 100 | 100 . . . . Volleys Fired 151 | 41 101 5 . 4 Largest 2 | 2 2 2 . 1 Hottest 100 | 60 100 46 . 100 Shots Fired 260 | 78 169 9 . 4 Gun 228 | 78 139 9 . 2 Cannon . | . . . . . Launcher . | . . . . . Special 32 | . 30 . . 2 Kinetic 186 | 41 134 9 . 2 Thermal 63 | 26 35 . . 2 Explosive . | . . . . . Electromagnetic 11 | 11 . . . . Robot Hit Streak 6 | 5 6 4 . 1 Robot Miss Streak 5 | 5 3 1 . 1 Penetration Max . | . . . . . Secondary Targets 5 | . 4 1 . . Max Gunslinging Chain 1 | . 1 1 . . Shots Hit Robots 132 | 36 84 7 4 1 Core Hits 50 | 13 33 3 . 1 Critical Kills . | . . . . . Critical Parts Destroyed 2 | . 2 . . . Critical Strikes 2 | . 2 . . . Destroy 2 | . 2 . . . Melee Attacks 4 | . . . 4 . Impact . | . . . . . Slashing . | . . . . . Piercing . | . . . . . Sneak Attacks 3 | . . . 3 . Combat Hostiles . | . . . . . Follow-up Attacks . | . . . . . Damage Inflicted 1885 | 419 1315 121 . 30 Guns 1802 | 419 1259 112 . 12 Cannons . | . . . . . Explosions . | . . . . . Melee . | . . . . . Ramming 83 | . 56 9 . 18 Kinetic 1549 | 211 1214 112 . 12 Thermal 198 | 153 45 . . . Explosive . | . . . . . Electromagnetic 55 | 55 . . . . Impact . | . . . . . Slashing . | . . . . . Piercing . | . . . . . Highest Corruption 2 | . 2 2 2 2 Average Corruption 2 | . 2 2 2 2 Corruption Purged . | . . . . . Corruption Blocked . | . . . . . Effects 63 | . 19 9 26 9 Message Errors 13 | . 4 1 4 4 Matter Fused 16 | . 6 4 4 2 Heat Flow Errors 10 | . 2 1 6 1 Energy Discharges 6 | . 3 . 2 1 Parts Fused 1 | . . . 1 . Data Loss (minor) 11 | . 3 2 6 . Data Loss (major) 4 | . 1 . 2 1 Alerts 1 | . . . 1 . Weapon Failures 1 | . . 1 . . Overload Shots . | . . . . . Overflow Damage . | . . . . . Projectiles . | . . . . . Explosions . | . . . . . Melee . | . . . . . Knockbacks 1 | . 1 . . . Impact 1 | . 1 . . . Kinetic . | . . . . . Secondary . | . . . . . Self-Inflicted Damage . | . . . . . Shots . | . . . . . Rammed 16 | . 10 1 . 5 Targets Rammed 17 | . 11 1 . 5 Kicked . | . . . . . Crushed 1 | . 1 . . . Highest Temperature 362 | . 362 100 281 202 Average Temperature 88 | . 83 42 110 67 Received Heat Transfer 334 | . 228 72 . 34 Effects 1 | . 1 . . . Shutdowns 1 | . 1 . . . Siege Activations . | . . . . . Robots Corrupted . | . . . . . Combat Hostiles . | . . . . . Parts Fried . | . . . . . Impact Corruptions . | . . . . . Robots Melted . | . . . . . Combat Hostiles . | . . . . . Parts Melted . | . . . . . Heat Transferred 450 | 350 100 . . . Parts Sabotaged . | . . . . . Parts Stolen . | . . . . . Parts Stripped . | . . . . . Power Chain Reactions . | . . . . . Alert | -11 -10 -10 -10 -9 ------- Run | Yrd Mat Min Exi Min Peak Influence 331 | 60 331 108 . 1 Initial 58 | . 39 58 . . Average 62 | 37 78 77 . . Maximum Alert Level 1 | . 1 . . . Low Security (%) 96 | 100 94 100 . 100 Level 1 3 | . 5 . . . Level 2 . | . . . . . Level 3 . | . . . . . Level 4 . | . . . . . Level 5 . | . . . . . High Security . | . . . . . Max Security . | . . . . . Squads Dispatched 2 | . 2 . . . Investigation 2 | . 2 . . . Extermination . | . . . . . Reinforcement . | . . . . . Assault . | . . . . . Garrison . | . . . . . Intercept . | . . . . . Searches Triggered . | . . . . . Construction Impeded . | . . . . . Haulers Reinforced . | . . . . . Active Scanning Responses . | . . . . . Cargo Convoy Interrupts . | . . . . . Stealth | -11 -10 -10 -10 -9 --------- Run | Yrd Mat Min Exi Min Distress Signals 2 | . 2 . . . Communications Jammed . | . . . . . Distress Signals . | . . . . . Times Spotted 43 | . 29 2 . 12 Peak Tracking Total 19 | . 5 2 . 19 Tactical Retreats 1 | . 1 . . . Traps | -11 -10 -10 -10 -9 ------- Run | Yrd Mat Min Exi Min Traps Triggered 2 | . 1 1 . . Indirectly . | . . . . . Trap Hack Attempts . | . . . . . Triggered . | . . . . . Disarmed . | . . . . . Reprogrammed . | . . . . . Reused . | . . . . . Traps Extracted . | . . . . . Installed . | . . . . . Triggered . | . . . . . Machines | -11 -10 -10 -10 -9 ---------- Run | Yrd Mat Min Exi Min Machines Disabled . | . . . . . Max in Single Turn . | . . . . . Machines Repaired . | . . . . . Machines Dismantled . | . . . . . Machines Sabotaged . | . . . . . Overloaded Fab Kills . | . . . . . Hacking | -11 -10 -10 -10 -9 --------- Run | Yrd Mat Min Exi Min Machines Accessed 14 | . 11 1 2 . Terminals 8 | . 8 . . . Fabricators . | . . . . . Repair Stations 1 | . 1 . . . Recycling Units 2 | . 2 . . . Scanalyzers . | . . . . . Garrison Access . | . . . . . Total Hacks 40 | . 37 1 2 . Successful 26 | . 23 1 2 . Failed 13 | . 13 . . . Catastrophic 1 | . 1 . . . Database Lockouts 1 | . 1 . . . Manual 28 | . 27 . 1 . Terminals 32 | . 32 . . . Fabricators . | . . . . . Repair Stations 3 | . 3 . . . Recycling Units 2 | . 2 . . . Scanalyzers . | . . . . . Garrison Access . | . . . . . Terminal Hacks 9 | . 6 1 2 . Record 1 | . . . 1 . Part Schematic 1 | . 1 . . . Robot Analysis 2 | . 2 . . . Open Door 1 | . . 1 . . Alert Level 1 | . 1 . . . Locate Traps 2 | . 2 . . . Derelict Proto ID Bank 1 | . . . 1 . Fabricator Hacks . | . . . . . Repair Station Hacks 2 | . 2 . . . Scan Component 1 | . 1 . . . Repair 1 | . 1 . . . Recycling Unit Hacks . | . . . . . Scanalyzer . | . . . . . Garrison Access Hacks . | . . . . . Unauthorized Hacks 15 | . 15 . . . Terminals 13 | . 13 . . . Assimilate 5 | . 5 . . . Botnet 2 | . 2 . . . Operators 1 | . 1 . . . Skim 5 | . 5 . . . Fabricators . | . . . . . Repair Stations . | . . . . . Recycling Units 2 | . 2 . . . Tunnel 2 | . 2 . . . Scanalyzers . | . . . . . Garrison Access . | . . . . . Data Cores Recovered . | . . . . . Used . | . . . . . Hacking Detections 8 | . 8 . . . Full Trace Events . | . . . . . Feedback Events . | . . . . . Feedback Blocked . | . . . . . Robot Schematics Acquired . | . . . . . Robots Built . | . . . . . Authchips . | . . . . . Time . | . . . . . Total Robot Build Rating . | . . . . . Part Schematics Acquired 1 | . 1 . . . Parts Built . | . . . . . Authchips . | . . . . . Time . | . . . . . Total Part Build Rating . | . . . . . Parts Repaired 1 | . 1 . . . Time 32 | . 32 . . . Parts Recycled . | . . . . . Recycled Matter . | . . . . . Retrieved Matter . | . . . . . Retrieved Components . | . . . . . Parts Scanalyzed . | . . . . . Part Schematics Acquired . | . . . . . Parts Damaged . | . . . . . Bothacking | -11 -10 -10 -10 -9 ------------ Run | Yrd Mat Min Exi Min Used RIF Installer . | . . . . . Robots Hacked 3 | . . . 3 . Non-combat 2 | . . . 2 . Combat 1 | . . . 1 . Robot Hacks Applied 3 | . . . 3 . parse_system 3 | . . . 3 . Relay Couplers Released . | . . . . . Fabnet Peak Effective % . | . . . . . Robots Rewired . | . . . . . Allies Hacked . | . . . . . Hacks Repelled . | . . . . . Allies | -11 -10 -10 -10 -9 -------- Run | Yrd Mat Min Exi Min Total Allies 2 | . 2 . . . Largest Group 1 | . 1 . . . Highest-Rated Group 10 | . 10 . . . Highest-Rated Ally 10 | . 10 . . . Total Orders 1 | . 1 . . . STAY 1 | . 1 . . . Ally Attacks . | . . . . . Total Damage . | . . . . . Kills . | . . . . . Allies Corrupted . | . . . . . Allies Melted . | . . . . . Intel | -11 -10 -10 -10 -9 ------- Run | Yrd Mat Min Exi Min Robot Analysis Total 2 | . 2 . . . Derelict Logs Recovered 1 | . . 1 . . Drone Launches . | . . . . . Drone Recoveries . | . . . . . Exploration | -11 -10 -10 -10 -9 ------------- Run | Yrd Mat Min Exi Min Turns Passed 6705 | 380 2937 554 2105 729 Spaces Moved 2594 | 202 1031 200 869 292 Core 11 | 11 . . . . Treads 2449 | 57 1031 200 869 292 Legs . | . . . . . Wheels 134 | 134 . . . . Hover . | . . . . . Flight . | . . . . . Fastest Speed 50 | 50 160 240 240 240 Average Speed 219 | 101 216 240 240 240 Slowest Speed 240 | 160 240 240 240 240 Overloaded Moves . | . . . . . Propulsion Burnouts . | . . . . . Robots Hopped . | . . . . . Cave-ins Triggered . | . . . . . Exploration Rate (%) 52 | 5 96 37 70 56 Regions Visited 4 Branch Regions 3 Pre-discovered Areas 6 | . 3 1 1 1 Known Exits Taken 2 | . 1 . 1 . Unknown Exits Taken 2 | 1 . 1 . . Scrap Searched 3 | . . 1 . 2 Spaces Dug 14 | . 13 . . 1 Terrain Destroyed 29 | . 27 . . 2 Melee . | . . . . . Projectile 29 | . 27 . . 2 AOE . | . . . . . Terrain Rammed . | . . . . . Walls Destroyed . | . . . . . Machines Disabled . | . . . . . Actions | -11 -10 -10 -10 -9 --------- Run | Yrd Mat Min Exi Min Total 3245 | 293 1486 266 894 306 Wait 369 | 33 288 46 2 . Move 2590 | 201 1030 199 868 292 Hop . | . . . . . Pick Up 35 | 8 16 5 5 1 Fast Attach 12 | 7 4 . 1 . Attach 2 | . . . 2 . Detach 1 | . . . 1 . Swap 33 | 3 25 3 . 2 Drop 31 | . 11 7 11 2 Fire 151 | 41 101 5 . 4 Melee 4 | . . . 4 . Ram . | . . . . . Kick . | . . . . . Crush 17 | . 11 1 . 5 Escape Stasis . | . . . . . Rewire . | . . . . . Trap . | . . . . . Miscellaneous . | . . . . . Route ------- -11/Scrapyard -10/Materials (discovered 5 exits: *Mat x3 / *Min / Sub) -10/Mines (discovered 3 exits: *Mat / *Exi / Sub) -10/Exiles (discovered 2 exits: *Min x2) -9/Mines (discovered 1 exit: [*Mat]) History --------- Turn | Location | Event 6 | -11/Scrapyard | Discovered new exit (range 16) 381 | -11/Scrapyard | Entered Materials 382 | -10/Materials | Build established: Mutant 993 | -10/Materials | Discovered new exit (range 11) 1092 | -10/Materials | Discovered new exit (range 16) 1244 | -10/Materials | Learned 4 Recycling zone layouts 1244 | -10/Materials | Central database locked down 1277 | -10/Materials | Identified exit to Subcaves 1299 | -10/Materials | Learned location of 2 exits from Subcaves 1309 | -10/Materials | Identified exit to Mines 1309 | -10/Materials | Identified exit to Materials 1311 | -10/Materials | Learned location of 2 exits from Mines 1312 | -10/Materials | Learned location of 2 exits from Materials 1325 | -10/Materials | Learned location of 3 exits from Materials 2790 | -10/Materials | Repaired Hvy. Assault Rifle 3318 | -10/Materials | Entered Mines 3374 | -10/Mines | Met a Derelict bent on vengeance 3389 | -10/Mines | Met a Derelict who couldn't figure out how to use a Trap Extractor 3451 | -10/Mines | Core integrity fell below 50% 3492 | -10/Mines | Learned location of Recycling (-8) 3507 | -10/Mines | Deemed a non-threat by the Exiles lab entrance 3507 | -10/Mines | Discovered new exit (range 5) 3872 | -10/Mines | Entered Exiles 3873 | -10/Exiles | Identified exit to Mines 3929 | -10/Exiles | Met 8R-AWN 3979 | -10/Exiles | Met EX-HEX 4049 | -10/Exiles | Met EX-BIN 4077 | -10/Exiles | Aligned with FarCom system 4080 | -10/Exiles | Given EX-Vault access code 4137 | -10/Exiles | Opened EX-Vault 4202 | -10/Exiles | Warned to stay clear of 0b10 Research branches 4470 | -10/Exiles | Met EX-DEC 4565 | -10/Exiles | Learned location of Zion (-6) 4705 | -10/Exiles | Found Army-in-a-Box 5977 | -10/Exiles | Left Exiles lab with Army-in-a-Box 5977 | -10/Exiles | Entered Mines 6049 | -9/Mines | Discovered new exit (range 10) 6677 | -9/Mines | Assembled infested the area 6682 | -9/Mines | Assisted by a Guerilla fighting off Assembled 6706 | -9/Mines | Destroyed by as-86893 with Assembled Blade Last Messages --------------- 06559_ Slammed into U-05 Engineer. 06606_ System corrupted: FCS attempts to trigger Hvy. Assault Rifle. 06643_ System corrupted: Heat flow error (+218). 06677_ ALERT: Infestation in the mines, dispatching Demolisher response squad. 06677_ K-01 Serf destroyed. 06681_ 19-1VR(h): "I'll hold them off! Go on ahead or try to find another way!" 06682_ A derelict emerges from the shadows: "You need to get out of here! I've been tracking a group of Assembled to figure out where they're coming from, and they're closing on this area, come on!" 06683_ as-08432 suffers critical hit (Destroy). 06685_ HV Slug penetrates Wall. 06685_ 19-1VR(h) destroyed. 06687_ R-06 Scavenger destroyed. 06693_ Dropped Mining Laser. 06694_ Slammed into as-84726. 06697_ Shield Generator destroyed. Map ----- +----------------------------------------------------+ | ?????????????????????????????????????????????????? | | ?????????????????????????????????????????????????? | | ?????????????????????????????????????????????????? | | ?????????????????????????????????????????????????? | | ?????????????????????????????????????????????????? | | ?????????????????????????????????????????????????? | | ?????????????????????????????????????????????????? | | ?????????????????????????????????????????????????? | | ????????????????????????? ????????????????????? | | ????????????????????????# ????????????????????? | | ???????????????????????## ???????????????????? | | ???????????????????????# ???????????????????? | | ??????????????????????? ???d????????????????? | | ??????????????????????? d???????????????????? | | ???????????????????????? ????????????????????? | | ???????????????????????? ????????????????????? | | ???????????????????????? = ????????????????????? | | ?????????????????????????*%!#????????????????????? | | ????????????????????????? #????????????????????? | | ????????????????????????## #????????????????????? | | ?????????????????????????" *#???????????????? ??? | | ?????????????????????????#!a#????????????????? ?? | | ?????????????????????????#!!#?????????????????? ? | | ?????????????????????????#%!##?????????????????? | | ??????????????????????####a*;##?????????????????? | | ??????????????????????# @a #|#??????????????????# | | ??????????????????????# a ###????????????????### | | ??????############????# ####??????????????????? | | ??????# #????# #???????????????????????# | | ??????# """ """ ######k #???????????????????????? | | ###???# """ """ #?????????????????###???? | | ##??# """ """ ####### #?????????????????# ???? | | #??# #?????# ######????????????# #???? | | ##?# """ """ #?????# #????????????# #???? | | ### """ """ #?????# #### #????????????# #???? | | < ## """ """ #???### #??# ############## ##??# | | ## #???# #??# ## % ##?# | | # ### """ #???# ###??# ######## ### | | # ##?# """ #???# #????# ######????# ## | | #??# """ #???# ##???# ### ##???### | | # #??# #??## ##??# + #?????##### % | | # #??#### #######??# #??#### #?????????##] | | # #?????# #????????# ##?????## #?????????### | | # #?????# #????????# ##??????## #??????????? | | #?????# #????????## ##??????# #??????????? | | #?????# #?????????# ##?????## ##??????????? | | ##?????# #?????????# #???????###????####???? | | ##??????# #?#######?## #?????????????## ##??? | | #???????# #?# #??## ##????????????# #### | | ######### ### #?# #???## ##???????????# ## ! | +----------------------------------------------------+ Best States ------------- Heat Dissipation 35 Energy Generation 14 Energy Capacity 160 Matter Stores 300 Matter Capacity 300 Sight Range 16 Terrain Scan Density 10 Evasion (%) 44 Recoil Reduction 2 Item Schematics ----------------- Huge Storage Unit | -10/Materials | Hacked Robot Schematics ------------------ None Fabricated ------------ Nothing Alien Tech Used ----------------- None Achievements -------------- None Challenges ------------ None Game ------ Seed AssemblyDynamicCorpse Manual? 0 Play Time 00:48:19 Cumulative 194.4 hours Start 2024.10.30 @ 15:37:59 End 2024.10.30 @ 20:56:27 Sessions 1 Manual Loads 0 Difficulty Rogue Special Mode None Game No. 106 Rogue 93 Adventurer 13 Explorer 0 Win Type - Total 4 Types 4/0/0/0/0/0/0/0/0 Lore% 54 Gallery% 71 Achievement% 59 Wizard Run 0 Options --------- Layout 2 ASCII 0 Keyboard 1 Movement Numpad Keybinds 0 Fullscreen 2 Font 16/Swanston Map View 55x47 Zoom Use 0% Tactical HUD 1 Map Filters NONE Filters NONE Steam 0 RUN: 42a1e59a-af34-49b5-be37-c0dd1d0a8be8